[ PARTIDA AOE2 · #467439416 ]
Team RMPersas vs Magyars
[ ANÁLISIS DE REPETICIÓN · EXTRAÍDO DE LA PARTIDA GRABADA ]
Feudal
12:16
Castillos
19:37
Imperial
33:50
| APM promedio | 16.0 |
| APM pico | 35 |
| eAPM promedio | 9.6 |
| Aldeanos / militares | 104 / 141 |
Foco
⚔️ 25.4% · 🌾 74.6%
War Elephant ×110 · Archer ×20 · Trade Cart ×20 · Bombard Cannon ×10 · Monk ×1
Feudal
13:36
Castillos
20:27
Imperial
30:14
| APM promedio | 14.5 |
| APM pico | 47 |
| eAPM promedio | 10.8 |
| Aldeanos / militares | 89 / 140 |
Foco
⚔️ 31.2% · 🌾 68.8%
Ballista Elephant ×62 · Scout Cavalry ×51 · Mangonel ×24 · Trade Cart ×9 · Monk ×3
Feudal
12:36
Castillos
21:47
Imperial
38:07
| APM promedio | 15.0 |
| APM pico | 40 |
| eAPM promedio | 10.2 |
| Aldeanos / militares | 92 / 219 |
Foco
⚔️ 30.6% · 🌾 69.4%
Genoese Crossbowman ×169 · Archer ×26 · Trade Cart ×24 · Bombard Cannon ×23 · Monk ×1
Feudal
9:39
Castillos
23:12
Imperial
38:08
| APM promedio | 10.3 |
| APM pico | 30 |
| eAPM promedio | 9.4 |
| Aldeanos / militares | 79 / 134 |
Foco
⚔️ 43.3% · 🌾 56.7%
Spearman ×47 · Arambai ×47 · Militia ×20 · Monk ×18 · Trade Cart ×4 · Battering Ram ×2
Feudal
10:58
Castillos
22:00
Imperial
39:32
| APM promedio | 22.2 |
| APM pico | 60 |
| eAPM promedio | 11.6 |
| Aldeanos / militares | 90 / 173 |
Foco
⚔️ 38.6% · 🌾 61.4%
Cavalry Archer ×80 · Magyar Huszar ×57 · Skirmisher ×19 · Scout Cavalry ×10 · Trade Cart ×7 · Battering Ram ×6
Feudal
11:04
Castillos
24:14
Imperial
33:55
| APM promedio | 10.8 |
| APM pico | 37 |
| eAPM promedio | 7.7 |
| Aldeanos / militares | 109 / 125 |
Foco
⚔️ 27.2% · 🌾 72.8%
Archer ×103 · Trade Cart ×20 · Mangonel ×9 · Battle Elephant ×8 · Trebuchet (Packed) ×5
Mapa de la partida
Recursos al inicio + cada clic de construcción. Línea gruesa = muro · recuadro discontinuo = muro de casas detectado. 🟡 oro · ⚪ piedra · 🟢 bayas · 🔶 jabalí · ⭕ reliquia
Tu base· ✓ Cerrada en 19:37 · 27t muro
Base de Finn the human· ✓ Cerrada en 20:27 · 18t muro
Base de Гроза Крипов· ✓ Cerrada en 21:47 · 41t muro
Base de ♠ JOTA ♠· ✓ Cerrada en 23:12 · 29t muro
Base de kunaguare· Abierta — flanco sin cerrar
Base de biyolog· ✓ Cerrada en 24:14 · 9t muro
Terreno con relieve · ⚠ = hueco de muro detectado · pasá el cursor para detalles
Inputs por minuto
— STRONG, BUT TRICKY, ZOG! - - Finn the human
Build order — STRONG, BUT TRICKY, ZOG!
Primeras 150 de 280 acciones detectadas
| 0:26 | Construir | House |
| 0:26 | Construir | House |
| 0:27 | Construir | House |
| 0:28 | Construir | House |
| 0:43 | Crear | Villager (Male) ×5 |
| 1:00 | Construir | Palisade Wall |
| 2:23 | Crear | Villager (Male) |
| 2:33 | Construir | Mill |
| 2:48 | Construir | Palisade Wall |
| 2:58 | Crear | Villager (Male) |
| 3:46 | Crear | Villager (Male) |
| 4:08 | Crear | Villager (Male) |
| 4:08 | Crear | Villager (Male) |
| 4:55 | Crear | Villager (Male) |
| 4:56 | Crear | Villager (Male) |
| 5:44 | Crear | Villager (Male) |
| 5:44 | Crear | Villager (Male) |
| 6:23 | Crear | Villager (Male) |
| 6:24 | Crear | Villager (Male) |
| 6:24 | Crear | Villager (Male) |
| 6:50 | Crear | Villager (Male) |
| 7:13 | Construir | Lumber Camp |
| 7:38 | Crear | Villager (Male) |
| 7:38 | Crear | Villager (Male) |
| 7:38 | Crear | Villager (Male) |
| 9:03 | Construir | Mining Camp |
| 10:12 | Investigar | Feudal Age |
| 10:26 | Construir | House |
| 10:28 | Construir | House |
| 10:28 | Construir | House |
| 10:29 | Construir | House |
| 11:14 | Crear | Villager (Male) |
| 11:14 | Crear | Villager (Male) |
| 11:14 | Crear | Villager (Male) |
| 11:26 | Crear | Villager (Male) ×5 |
| 12:16 | Edad | Edad Feudal |
| 12:25 | Construir | Market |
| 12:34 | Construir | Blacksmith |
| 12:57 | Construir | Stone Wall |
| 13:21 | Construir | Farm |
| 13:27 | Construir | Farm |
| 13:36 | Construir | Farm |
| 13:39 | Construir | Farm |
| 13:43 | Construir | Farm |
| 13:49 | Construir | Farm |
| 13:53 | Construir | Farm |
| 13:56 | Construir | Farm |
| 14:00 | Construir | Farm |
| 14:07 | Crear | Villager (Male) |
| 14:08 | Crear | Villager (Male) ×5 |
| 14:33 | Construir | Stone Wall |
| 14:50 | Construir | Farm |
| 15:45 | Construir | Farm |
| 15:49 | Construir | Mining Camp |
| 15:54 | Construir | Farm |
| 15:57 | Construir | Farm |
| 16:39 | Construir | Building 673 |
| 17:03 | Investigar | Castle Age |
| 17:21 | Investigar | Stone Mining |
| 17:31 | Construir | Barracks |
| 17:58 | Construir | House |
| 17:59 | Construir | House |
| 18:00 | Construir | House |
| 18:01 | Construir | House |
| 18:14 | Investigar | Double-Bit Axe |
| 18:43 | Investigar | Horse Collar |
| 18:53 | Investigar | Gold Mining |
| 18:58 | Investigar | Fletching |
| 19:16 | Crear | Villager (Male) |
| 19:20 | Crear | Villager (Male) |
| 19:37 | Edad | Edad de los Castillos |
| 19:55 | Construir | Town Center |
| 20:01 | Crear | Villager (Male) |
| 20:01 | Crear | Villager (Male) |
| 20:02 | Crear | Villager (Male) |
| 20:09 | Construir | Farm |
| 20:26 | Construir | Farm |
| 20:49 | Construir | Farm |
| 20:59 | Crear | Villager (Male) |
| 21:00 | Crear | Villager (Male) |
| 21:11 | Construir | Farm |
| 21:29 | Crear | Villager (Male) ×5 |
| 21:33 | Construir | Farm |
| 21:36 | Crear | Villager (Male) |
| 21:52 | Construir | Castle |
| 22:02 | Construir | Farm |
| 22:07 | Investigar | Heavy Plow |
| 22:22 | Construir | Farm |
| 22:26 | Crear | Villager (Male) |
| 22:26 | Crear | Villager (Male) |
| 22:27 | Crear | Villager (Male) |
| 22:36 | Construir | Farm |
| 22:48 | Crear | Villager (Male) |
| 22:48 | Crear | Villager (Male) |
| 22:57 | Construir | Farm |
| 23:17 | Construir | Archery Range |
| 23:28 | Construir | Farm |
| 23:34 | Construir | Farm |
| 23:43 | Construir | Farm |
| 23:47 | Construir | Farm |
| 23:51 | Construir | Farm |
| 23:56 | Crear | Villager (Male) ×5 |
| 23:59 | Crear | Villager (Male) ×4 |
| 24:28 | Construir | Farm |
| 24:38 | Construir | House |
| 24:39 | Construir | House |
| 24:40 | Construir | House |
| 24:40 | Construir | House |
| 24:47 | Construir | Farm |
| 24:57 | Crear | War Elephant |
| 24:58 | Crear | War Elephant |
| 25:07 | Construir | Farm |
| 25:27 | Construir | Farm |
| 25:33 | Investigar | Kamandaran |
| 25:41 | Crear | Villager (Male) |
| 25:41 | Crear | Villager (Male) |
| 25:50 | Construir | Farm |
| 25:55 | Construir | Farm |
| 26:04 | Crear | Villager (Male) ×4 |
| 26:17 | Construir | Farm |
| 26:22 | Crear | Villager (Male) |
| 26:27 | Investigar | Forging |
| 26:33 | Construir | Farm |
| 26:37 | Crear | Villager (Male) |
| 27:01 | Construir | Monastery |
| 27:08 | Construir | University |
| 27:12 | Construir | Farm |
| 27:15 | Construir | Farm |
| 27:25 | Crear | Villager (Male) |
| 27:26 | Crear | Villager (Male) ×5 |
| 27:29 | Investigar | Scale Barding Armor |
| 27:44 | Investigar | Crossbowman (upgrade) |
| 27:48 | Crear | Monk |
| 28:11 | Crear | War Elephant |
| 28:16 | Crear | Villager (Male) |
| 28:16 | Crear | Villager (Male) |
| 28:16 | Crear | Villager (Male) |
| 28:23 | Crear | Villager (Male) |
| 28:33 | Crear | Archer ×5 |
| 28:33 | Crear | Archer ×5 |
| 28:44 | Investigar | Bodkin Arrow |
| 29:07 | Construir | Farm |
| 29:12 | Construir | Farm |
| 29:24 | Construir | House |
| 29:25 | Construir | House |
| 29:26 | Construir | House |
| 29:27 | Construir | House |
| 29:28 | Construir | House |
| 29:29 | Construir | House |
| 29:30 | Construir | House |
Build order — Finn the human
Primeras 150 de 328 acciones detectadas
| 0:07 | Construir | House |
| 0:10 | Construir | House |
| 1:13 | Crear | Villager (Male) |
| 1:13 | Crear | Villager (Male) |
| 1:14 | Crear | Villager (Male) |
| 1:14 | Crear | Villager (Male) |
| 1:14 | Crear | Villager (Male) |
| 1:14 | Crear | Villager (Male) |
| 2:30 | Crear | Villager (Male) |
| 2:30 | Crear | Villager (Male) |
| 2:30 | Crear | Villager (Male) |
| 3:45 | Crear | Villager (Male) |
| 3:46 | Crear | Villager (Male) |
| 3:46 | Crear | Villager (Male) |
| 3:46 | Crear | Villager (Male) |
| 3:54 | Construir | House |
| 4:16 | Crear | Villager (Male) |
| 4:16 | Crear | Villager (Male) |
| 4:17 | Crear | Villager (Male) |
| 5:42 | Construir | Lumber Camp |
| 6:03 | Crear | Villager (Male) |
| 6:03 | Crear | Villager (Male) |
| 6:03 | Crear | Villager (Male) |
| 6:47 | Crear | Villager (Male) |
| 6:48 | Crear | Villager (Male) |
| 6:48 | Crear | Villager (Male) |
| 8:06 | Crear | Villager (Male) |
| 8:06 | Crear | Villager (Male) |
| 8:07 | Crear | Villager (Male) |
| 8:14 | Crear | Villager (Male) |
| 8:14 | Crear | Villager (Male) |
| 8:14 | Crear | Villager (Male) |
| 9:48 | Construir | Mill |
| 9:51 | Crear | Villager (Male) |
| 9:51 | Crear | Villager (Male) |
| 9:51 | Crear | Villager (Male) |
| 9:56 | Construir | House |
| 10:54 | Construir | Farm |
| 11:27 | Investigar | Feudal Age |
| 11:29 | Construir | Farm |
| 11:42 | Construir | Farm |
| 11:46 | Construir | Farm |
| 11:49 | Construir | Farm |
| 11:52 | Construir | Farm |
| 12:19 | Construir | Mining Camp |
| 12:36 | Crear | Villager (Male) |
| 12:37 | Crear | Villager (Male) |
| 12:37 | Crear | Villager (Male) |
| 12:38 | Crear | Villager (Male) |
| 13:10 | Crear | Villager (Male) |
| 13:11 | Crear | Villager (Male) |
| 13:11 | Crear | Villager (Male) |
| 13:11 | Crear | Villager (Male) |
| 13:26 | Construir | House |
| 13:28 | Construir | House |
| 13:33 | Construir | House |
| 13:36 | Edad | Edad Feudal |
| 13:44 | Investigar | Horse Collar |
| 14:21 | Crear | Villager (Male) |
| 14:31 | Construir | Farm |
| 14:36 | Crear | Villager (Male) |
| 14:37 | Crear | Villager (Male) |
| 14:56 | Construir | Farm |
| 15:13 | Crear | Villager (Male) |
| 15:21 | Construir | Farm |
| 15:22 | Crear | Villager (Male) |
| 15:24 | Crear | Villager (Male) |
| 15:31 | Construir | House |
| 15:33 | Construir | House |
| 15:35 | Construir | House |
| 16:02 | Construir | Farm |
| 16:12 | Construir | Farm |
| 16:32 | Crear | Villager (Male) |
| 16:39 | Construir | Farm |
| 17:03 | Construir | Farm |
| 17:29 | Construir | Farm |
| 17:36 | Investigar | Castle Age |
| 17:55 | Investigar | Double-Bit Axe |
| 18:52 | Construir | Stone Wall |
| 19:19 | Construir | Stone Wall |
| 19:27 | Construir | Stone Wall |
| 20:27 | Edad | Edad de los Castillos |
| 20:30 | Construir | Town Center |
| 20:33 | Crear | Villager (Male) |
| 20:33 | Crear | Villager (Male) |
| 20:33 | Crear | Villager (Male) |
| 20:33 | Crear | Villager (Male) |
| 20:34 | Crear | Villager (Male) |
| 20:34 | Crear | Villager (Male) |
| 20:34 | Crear | Villager (Male) |
| 20:34 | Crear | Villager (Male) |
| 21:06 | Construir | Stone Wall |
| 21:34 | Construir | Farm |
| 21:37 | Construir | Farm |
| 21:49 | Construir | Farm |
| 21:51 | Construir | Farm |
| 21:55 | Construir | Farm |
| 21:56 | Crear | Villager (Male) |
| 21:56 | Crear | Villager (Male) |
| 21:56 | Crear | Villager (Male) |
| 21:57 | Crear | Villager (Male) |
| 21:57 | Crear | Villager (Male) |
| 21:57 | Crear | Villager (Male) |
| 21:57 | Crear | Villager (Male) |
| 21:59 | Crear | Villager (Male) |
| 21:59 | Crear | Villager (Male) |
| 22:05 | Investigar | Wheelbarrow |
| 22:30 | Construir | Mining Camp |
| 22:43 | Construir | House |
| 22:44 | Construir | House |
| 22:45 | Construir | House |
| 22:50 | Construir | House |
| 22:52 | Construir | House |
| 22:53 | Construir | House |
| 23:05 | Investigar | Heavy Plow |
| 23:30 | Investigar | Stone Mining |
| 23:32 | Investigar | Gold Mining |
| 24:49 | Investigar | Gold Shaft Mining |
| 24:58 | Investigar | Stone Shaft Mining |
| 25:06 | Investigar | Bow Saw |
| 25:18 | Construir | Farm |
| 26:03 | Crear | Villager (Male) |
| 26:04 | Crear | Villager (Male) |
| 26:04 | Crear | Villager (Male) |
| 26:04 | Crear | Villager (Male) |
| 26:05 | Crear | Villager (Male) |
| 26:08 | Investigar | Hand Cart |
| 26:25 | Construir | Blacksmith |
| 26:34 | Construir | Town Center |
| 26:53 | Investigar | Imperial Age |
| 27:04 | Investigar | Imperial Age |
| 27:32 | Construir | Lumber Camp |
| 28:02 | Crear | Villager (Male) |
| 28:02 | Crear | Villager (Male) |
| 28:02 | Crear | Villager (Male) |
| 28:03 | Crear | Villager (Male) |
| 28:11 | Crear | Villager (Male) |
| 28:12 | Crear | Villager (Male) |
| 28:12 | Crear | Villager (Male) |
| 28:12 | Crear | Villager (Male) |
| 28:12 | Crear | Villager (Male) |
| 28:25 | Construir | House |
| 28:26 | Construir | House |
| 28:28 | Construir | House |
| 28:30 | Construir | House |
| 28:32 | Construir | House |
| 28:33 | Construir | House |
| 28:34 | Construir | House |
| 28:36 | Construir | House |
| 30:08 | Construir | Monastery |
Build order — Гроза Крипов
Primeras 150 de 310 acciones detectadas
| 0:18 | Construir | House |
| 0:20 | Construir | House |
| 0:27 | Crear | Villager (Male) ×4 |
| 0:28 | Crear | Villager (Male) ×4 |
| 1:45 | Construir | Palisade Wall |
| 2:16 | Construir | Mill |
| 2:26 | Crear | Villager (Male) |
| 2:26 | Crear | Villager (Male) |
| 2:26 | Crear | Villager (Male) |
| 2:47 | Crear | Villager (Male) |
| 3:22 | Crear | Villager (Male) |
| 4:07 | Crear | Villager (Male) |
| 4:40 | Construir | House |
| 4:46 | Crear | Villager (Male) |
| 4:48 | Crear | Villager (Male) |
| 4:48 | Crear | Villager (Male) |
| 4:48 | Crear | Villager (Male) |
| 4:49 | Crear | Villager (Male) |
| 4:49 | Crear | Villager (Male) |
| 5:32 | Crear | Villager (Male) |
| 5:32 | Crear | Villager (Male) |
| 5:32 | Crear | Villager (Male) |
| 5:33 | Crear | Villager (Male) |
| 6:06 | Crear | Villager (Male) |
| 6:26 | Crear | Villager (Male) |
| 6:38 | Construir | House |
| 7:33 | Construir | House |
| 7:53 | Crear | Villager (Male) |
| 7:54 | Crear | Villager (Male) |
| 7:54 | Crear | Villager (Male) |
| 7:54 | Crear | Villager (Male) |
| 8:33 | Construir | Mining Camp |
| 9:34 | Construir | Lumber Camp |
| 10:26 | Investigar | Feudal Age |
| 11:21 | Construir | Mill |
| 11:32 | Construir | Lumber Camp |
| 11:50 | Construir | Mill |
| 12:12 | Construir | Mill |
| 12:36 | Edad | Edad Feudal |
| 12:43 | Investigar | Horse Collar |
| 12:48 | Investigar | Double-Bit Axe |
| 12:52 | Investigar | Wheelbarrow |
| 13:03 | Crear | Villager (Male) |
| 13:10 | Crear | Villager (Male) |
| 13:28 | Construir | Stone Wall |
| 13:36 | Construir | Stone Wall |
| 13:46 | Construir | Stone Wall |
| 14:18 | Crear | Villager (Male) |
| 14:18 | Crear | Villager (Male) |
| 14:33 | Crear | Villager (Male) |
| 14:33 | Crear | Villager (Male) |
| 14:48 | Construir | Barracks |
| 14:55 | Construir | House |
| 14:56 | Construir | House |
| 15:28 | Construir | Blacksmith |
| 15:37 | Construir | Farm |
| 15:40 | Crear | Villager (Male) |
| 15:41 | Crear | Villager (Male) |
| 15:41 | Crear | Villager (Male) |
| 16:02 | Construir | Mining Camp |
| 16:09 | Construir | Archery Range |
| 16:23 | Construir | Farm |
| 16:29 | Crear | Villager (Male) |
| 16:29 | Crear | Villager (Male) |
| 16:29 | Crear | Villager (Male) |
| 16:38 | Construir | House |
| 16:42 | Construir | House |
| 16:54 | Construir | Farm |
| 17:15 | Construir | Farm |
| 17:24 | Construir | Farm |
| 17:28 | Crear | Archer |
| 17:28 | Crear | Archer |
| 17:28 | Crear | Archer |
| 17:29 | Crear | Archer |
| 17:29 | Crear | Archer |
| 17:29 | Crear | Archer |
| 18:01 | Construir | Farm |
| 18:25 | Construir | Mining Camp |
| 18:37 | Construir | Farm |
| 18:54 | Construir | Farm |
| 18:57 | Investigar | Castle Age |
| 19:31 | Investigar | Gold Mining |
| 19:37 | Investigar | Stone Mining |
| 19:47 | Crear | Archer |
| 19:48 | Crear | Archer |
| 19:57 | Investigar | Fletching |
| 19:58 | Investigar | Padded Archer Armor |
| 20:18 | Construir | House |
| 20:20 | Construir | House |
| 20:23 | Construir | House |
| 20:25 | Construir | House |
| 20:27 | Construir | House |
| 20:28 | Construir | House |
| 20:30 | Construir | House |
| 20:31 | Construir | House |
| 20:34 | Construir | House |
| 20:35 | Construir | House |
| 20:45 | Construir | Farm |
| 20:48 | Construir | Farm |
| 20:51 | Construir | Farm |
| 20:52 | Construir | Farm |
| 20:55 | Construir | Farm |
| 21:47 | Edad | Edad de los Castillos |
| 21:54 | Investigar | Hand Cart |
| 22:03 | Investigar | Bow Saw |
| 22:16 | Investigar | Heavy Plow |
| 22:42 | Crear | Villager (Male) |
| 22:42 | Crear | Villager (Male) |
| 22:43 | Crear | Villager (Male) |
| 22:53 | Crear | Archer |
| 22:53 | Crear | Archer |
| 22:54 | Crear | Archer |
| 22:54 | Crear | Archer |
| 22:54 | Crear | Archer |
| 22:54 | Crear | Archer |
| 23:11 | Construir | Monastery |
| 23:23 | Investigar | Crossbowman (upgrade) |
| 23:31 | Construir | Mining Camp |
| 23:41 | Construir | House |
| 23:42 | Construir | House |
| 23:46 | Construir | House |
| 23:48 | Construir | House |
| 23:51 | Construir | House |
| 23:52 | Construir | House |
| 23:53 | Construir | House |
| 23:55 | Construir | House |
| 23:57 | Construir | House |
| 23:58 | Construir | House |
| 24:15 | Construir | University |
| 24:23 | Crear | Monk |
| 24:57 | Investigar | Stone Shaft Mining |
| 25:05 | Crear | Villager (Male) |
| 25:05 | Crear | Villager (Male) |
| 25:05 | Crear | Villager (Male) |
| 25:06 | Crear | Villager (Male) |
| 25:07 | Crear | Villager (Male) |
| 25:07 | Crear | Villager (Male) |
| 25:08 | Crear | Villager (Male) |
| 25:27 | Construir | Town Center |
| 25:38 | Investigar | Ballistics |
| 26:31 | Construir | Monastery |
| 27:13 | Crear | Villager (Male) |
| 27:13 | Crear | Villager (Male) |
| 27:13 | Crear | Villager (Male) |
| 27:13 | Crear | Villager (Male) |
| 27:14 | Crear | Villager (Male) |
| 27:14 | Crear | Villager (Male) |
| 27:14 | Crear | Villager (Male) |
| 27:22 | Investigar | Leather Archer Armor |
| 27:24 | Investigar | Bodkin Arrow |
Build order — ♠ JOTA ♠
Primeras 150 de 336 acciones detectadas
| 0:04 | Construir | House |
| 0:06 | Construir | House |
| 0:07 | Crear | Villager (Male) |
| 0:07 | Crear | Villager (Male) |
| 0:07 | Crear | Villager (Male) |
| 0:08 | Crear | Villager (Male) |
| 1:43 | Crear | Villager (Male) |
| 2:00 | Crear | Villager (Male) |
| 2:23 | Construir | Lumber Camp |
| 2:46 | Crear | Villager (Male) |
| 3:11 | Crear | Villager (Male) |
| 3:22 | Crear | Villager (Male) |
| 4:12 | Construir | House |
| 4:26 | Crear | Villager (Male) |
| 4:46 | Crear | Villager (Male) |
| 5:30 | Construir | Mill |
| 5:45 | Crear | Villager (Male) |
| 6:36 | Construir | Palisade Wall |
| 6:39 | Crear | Villager (Male) |
| 7:29 | Investigar | Feudal Age |
| 7:40 | Construir | Farm |
| 7:49 | Construir | Farm |
| 8:23 | Construir | House |
| 9:25 | Construir | Palisade Wall |
| 9:39 | Edad | Edad Feudal |
| 9:53 | Crear | Villager (Male) |
| 9:54 | Crear | Villager (Male) |
| 10:19 | Construir | Palisade Wall |
| 10:28 | Construir | Farm |
| 10:41 | Crear | Villager (Male) |
| 10:55 | Construir | Barracks |
| 11:04 | Crear | Villager (Male) |
| 11:13 | Construir | House |
| 11:50 | Construir | Mining Camp |
| 11:53 | Crear | Villager (Male) |
| 12:26 | Crear | Militia |
| 12:27 | Crear | Militia |
| 12:28 | Crear | Militia |
| 12:41 | Construir | Farm |
| 12:49 | Construir | Farm |
| 12:55 | Construir | Farm |
| 13:07 | Crear | Villager (Male) |
| 13:08 | Crear | Villager (Male) |
| 13:55 | Investigar | Man-at-Arms (upgrade) |
| 14:11 | Construir | Blacksmith |
| 14:38 | Crear | Villager (Male) |
| 14:38 | Crear | Villager (Male) |
| 14:51 | Construir | House |
| 14:52 | Construir | House |
| 14:53 | Construir | House |
| 15:07 | Crear | Militia |
| 15:15 | Crear | Villager (Male) |
| 15:23 | Investigar | Horse Collar |
| 15:33 | Crear | Villager (Male) |
| 16:34 | Crear | Villager (Male) |
| 16:35 | Crear | Villager (Male) |
| 16:43 | Construir | Farm |
| 16:45 | Construir | Farm |
| 16:51 | Construir | Farm |
| 17:11 | Construir | Farm |
| 17:12 | Crear | Villager (Male) |
| 17:16 | Investigar | Wheelbarrow |
| 17:52 | Construir | Mining Camp |
| 17:59 | Crear | Villager (Male) |
| 18:23 | Crear | Spearman |
| 18:24 | Crear | Spearman |
| 18:26 | Crear | Spearman |
| 19:00 | Crear | Villager (Male) |
| 19:22 | Construir | Market |
| 19:46 | Construir | Farm |
| 20:07 | Construir | Mining Camp |
| 20:32 | Investigar | Castle Age |
| 20:44 | Construir | Stable |
| 21:36 | Construir | Mining Camp |
| 21:53 | Construir | House |
| 21:54 | Construir | House |
| 21:55 | Construir | House |
| 21:56 | Construir | House |
| 21:57 | Construir | House |
| 22:09 | Investigar | Scale Mail Armor |
| 22:10 | Investigar | Forging |
| 23:12 | Edad | Edad de los Castillos |
| 23:24 | Construir | Town Center |
| 23:27 | Crear | Villager (Male) |
| 23:27 | Crear | Villager (Male) |
| 23:28 | Investigar | Wheelbarrow |
| 23:46 | Crear | Militia |
| 23:48 | Crear | Militia |
| 24:16 | Crear | Villager (Male) |
| 24:23 | Crear | Villager (Male) |
| 24:24 | Crear | Villager (Male) |
| 24:38 | Investigar | Long Swordsman (upgrade) |
| 24:39 | Crear | Militia |
| 24:58 | Construir | Farm |
| 25:05 | Crear | Villager (Male) |
| 25:34 | Construir | Stone Wall |
| 25:37 | Construir | Stone Wall |
| 25:55 | Construir | Building 490 |
| 26:03 | Crear | Villager (Male) |
| 26:03 | Crear | Villager (Male) |
| 26:04 | Crear | Villager (Male) |
| 26:21 | Construir | Farm |
| 26:22 | Crear | Villager (Male) |
| 26:23 | Crear | Villager (Male) |
| 26:23 | Crear | Villager (Male) |
| 26:25 | Crear | Villager (Male) |
| 26:44 | Construir | Farm |
| 27:01 | Construir | Farm |
| 27:02 | Crear | Villager (Male) |
| 27:03 | Crear | Villager (Male) |
| 27:15 | Construir | Town Center |
| 27:22 | Crear | Villager (Male) |
| 27:25 | Crear | Villager (Male) |
| 27:31 | Construir | Farm |
| 28:06 | Crear | Villager (Male) |
| 28:07 | Crear | Villager (Male) |
| 28:11 | Crear | Villager (Male) |
| 28:23 | Construir | Farm |
| 28:26 | Crear | Villager (Male) |
| 28:30 | Crear | Militia |
| 28:31 | Crear | Militia |
| 29:03 | Construir | Stone Wall |
| 29:16 | Investigar | Heavy Plow |
| 29:20 | Construir | Farm |
| 29:22 | Construir | Farm |
| 29:27 | Construir | Farm |
| 29:30 | Construir | Farm |
| 29:34 | Construir | Farm |
| 29:38 | Construir | Farm |
| 29:41 | Crear | Villager (Male) |
| 29:41 | Crear | Villager (Male) |
| 29:52 | Crear | Villager (Male) |
| 29:52 | Crear | Villager (Male) |
| 29:53 | Crear | Villager (Male) |
| 30:36 | Construir | University |
| 30:40 | Investigar | Pikeman (upgrade) |
| 30:41 | Crear | Spearman |
| 30:41 | Crear | Spearman |
| 30:52 | Construir | Farm |
| 31:01 | Construir | Farm |
| 31:13 | Crear | Villager (Male) |
| 31:14 | Crear | Villager (Male) |
| 31:16 | Crear | Villager (Male) |
| 31:35 | Crear | Militia |
| 31:36 | Crear | Militia |
| 31:39 | Crear | Militia |
| 31:49 | Construir | Monastery |
| 31:58 | Crear | Villager (Male) |
| 31:58 | Crear | Villager (Male) |
| 32:01 | Crear | Villager (Male) |
Build order — kunaguare
Primeras 150 de 388 acciones detectadas
| 0:04 | Construir | House |
| 0:06 | Construir | House |
| 0:12 | Crear | Villager (Male) |
| 0:12 | Crear | Villager (Male) |
| 0:13 | Crear | Villager (Male) |
| 0:43 | Crear | Villager (Male) |
| 1:46 | Crear | Villager (Male) |
| 2:17 | Construir | Lumber Camp |
| 2:26 | Crear | Villager (Male) |
| 2:26 | Crear | Villager (Male) |
| 2:26 | Crear | Villager (Male) |
| 3:16 | Crear | Villager (Male) |
| 3:39 | Crear | Villager (Male) |
| 3:48 | Construir | House |
| 4:03 | Crear | Villager (Male) |
| 4:43 | Crear | Villager (Male) |
| 4:49 | Construir | Mill |
| 5:18 | Crear | Villager (Male) |
| 5:18 | Crear | Villager (Male) |
| 5:50 | Crear | Villager (Male) |
| 5:51 | Crear | Villager (Male) |
| 6:25 | Crear | Villager (Male) |
| 8:48 | Investigar | Feudal Age |
| 9:08 | Construir | House |
| 9:46 | Construir | Farm |
| 10:03 | Construir | Barracks |
| 10:09 | Construir | Farm |
| 10:54 | Crear | Villager (Male) |
| 10:54 | Crear | Villager (Male) |
| 10:58 | Edad | Edad Feudal |
| 11:04 | Construir | House |
| 11:23 | Construir | Farm |
| 11:30 | Construir | Farm |
| 11:37 | Investigar | Double-Bit Axe |
| 11:43 | Investigar | Horse Collar |
| 12:14 | Construir | Farm |
| 12:23 | Crear | Villager (Male) |
| 12:24 | Crear | Villager (Male) |
| 12:24 | Crear | Villager (Male) |
| 12:25 | Crear | Villager (Male) |
| 12:33 | Construir | Farm |
| 13:01 | Construir | Farm |
| 13:18 | Construir | Farm |
| 13:49 | Construir | Farm |
| 14:02 | Construir | Stable |
| 14:11 | Construir | Farm |
| 14:36 | Crear | Villager (Male) |
| 14:37 | Crear | Villager (Male) |
| 14:37 | Crear | Villager (Male) |
| 14:37 | Crear | Villager (Male) |
| 14:38 | Crear | Villager (Male) |
| 15:00 | Construir | House |
| 15:01 | Construir | House |
| 15:04 | Crear | Scout Cavalry |
| 15:04 | Crear | Scout Cavalry |
| 15:23 | Construir | Mining Camp |
| 15:44 | Crear | Villager (Male) |
| 16:01 | Construir | Farm |
| 16:06 | Crear | Villager (Male) |
| 16:07 | Crear | Villager (Male) |
| 16:16 | Construir | Blacksmith |
| 16:23 | Construir | Farm |
| 16:50 | Construir | Farm |
| 17:22 | Construir | Farm |
| 17:39 | Construir | Farm |
| 17:49 | Crear | Villager (Male) |
| 17:52 | Crear | Villager (Male) |
| 18:07 | Construir | Farm |
| 18:15 | Construir | Archery Range |
| 18:36 | Construir | Mining Camp |
| 18:47 | Construir | House |
| 18:48 | Construir | House |
| 18:55 | Crear | Villager (Male) |
| 18:55 | Crear | Villager (Male) |
| 19:00 | Investigar | Castle Age |
| 19:25 | Investigar | Gold Mining |
| 19:40 | Crear | Scout Cavalry |
| 19:43 | Crear | Scout Cavalry |
| 20:11 | Crear | Scout Cavalry |
| 20:56 | Construir | Archery Range |
| 21:13 | Crear | Scout Cavalry |
| 21:13 | Crear | Scout Cavalry |
| 21:19 | Investigar | Stone Mining |
| 21:42 | Crear | Villager (Male) |
| 21:43 | Crear | Villager (Male) |
| 21:44 | Crear | Villager (Male) |
| 21:46 | Crear | Villager (Male) |
| 21:51 | Crear | Villager (Male) |
| 22:00 | Edad | Edad de los Castillos |
| 22:19 | Construir | Town Center |
| 22:35 | Construir | Siege Workshop |
| 22:54 | Investigar | Light Cavalry (upgrade) |
| 22:55 | Crear | Scout Cavalry |
| 22:56 | Crear | Scout Cavalry |
| 22:57 | Crear | Scout Cavalry |
| 23:11 | Crear | Cavalry Archer |
| 23:12 | Crear | Cavalry Archer |
| 23:14 | Crear | Cavalry Archer |
| 23:30 | Construir | House |
| 23:31 | Construir | House |
| 23:34 | Construir | House |
| 23:36 | Construir | House |
| 23:47 | Construir | Lumber Camp |
| 23:57 | Crear | Villager (Male) |
| 23:57 | Crear | Villager (Male) |
| 23:58 | Crear | Villager (Male) |
| 24:13 | Construir | Siege Workshop |
| 24:17 | Crear | Battering Ram |
| 24:38 | Construir | House |
| 24:40 | Construir | House |
| 25:10 | Investigar | Wheelbarrow |
| 25:11 | Crear | Villager (Male) |
| 25:11 | Crear | Villager (Male) |
| 25:11 | Crear | Villager (Male) |
| 25:12 | Crear | Villager (Male) |
| 25:12 | Crear | Villager (Male) |
| 25:16 | Crear | Villager (Male) |
| 25:23 | Crear | Cavalry Archer |
| 25:24 | Crear | Cavalry Archer |
| 25:50 | Construir | Archery Range |
| 26:21 | Investigar | Bow Saw |
| 26:39 | Crear | Villager (Male) |
| 26:40 | Crear | Villager (Male) |
| 26:41 | Crear | Villager (Male) |
| 26:47 | Construir | House |
| 26:48 | Construir | House |
| 26:49 | Construir | House |
| 26:51 | Construir | House |
| 27:18 | Construir | Farm |
| 27:26 | Crear | Villager (Male) |
| 27:26 | Crear | Villager (Male) |
| 27:27 | Crear | Villager (Male) |
| 27:28 | Crear | Villager (Male) |
| 27:39 | Crear | Battering Ram |
| 27:51 | Crear | Cavalry Archer |
| 27:58 | Investigar | Thumb Ring |
| 28:31 | Crear | Cavalry Archer |
| 28:32 | Crear | Cavalry Archer |
| 28:33 | Crear | Cavalry Archer |
| 28:43 | Construir | Farm |
| 28:51 | Crear | Villager (Male) |
| 28:52 | Investigar | Hand Cart |
| 29:01 | Construir | Farm |
| 29:15 | Crear | Villager (Male) |
| 29:23 | Construir | Farm |
| 29:30 | Construir | Farm |
| 29:38 | Investigar | Scale Barding Armor |
| 30:45 | Crear | Skirmisher |
| 30:47 | Crear | Cavalry Archer |
| 30:47 | Crear | Cavalry Archer |
Build order — biyolog
Primeras 150 de 258 acciones detectadas
| 0:04 | Investigar | Loom |
| 0:05 | Crear | Villager (Male) ×4 |
| 0:05 | Crear | Villager (Male) ×4 |
| 0:05 | Crear | Villager (Male) ×4 |
| 2:01 | Construir | House |
| 2:06 | Construir | House |
| 2:10 | Construir | House |
| 2:21 | Construir | House |
| 3:07 | Construir | Lumber Camp |
| 3:33 | Crear | Villager (Male) |
| 3:34 | Crear | Villager (Male) |
| 4:12 | Crear | Villager (Male) |
| 4:13 | Crear | Villager (Male) |
| 4:40 | Crear | Villager (Male) |
| 5:06 | Crear | Villager (Male) |
| 5:40 | Crear | Villager (Male) |
| 5:40 | Crear | Villager (Male) |
| 5:59 | Crear | Villager (Male) |
| 6:18 | Construir | Mill |
| 6:25 | Crear | Villager (Male) |
| 6:46 | Crear | Villager (Male) |
| 7:31 | Crear | Villager (Male) |
| 9:03 | Construir | Lumber Camp |
| 9:46 | Investigar | Feudal Age |
| 9:47 | Investigar | Feudal Age |
| 10:32 | Construir | Mill |
| 10:57 | Construir | Barracks |
| 11:04 | Edad | Edad Feudal |
| 11:10 | Crear | Villager (Male) |
| 11:44 | Investigar | Double-Bit Axe |
| 11:48 | Crear | Villager (Male) ×3 |
| 11:48 | Crear | Villager (Male) ×4 |
| 11:48 | Crear | Villager (Male) ×4 |
| 11:48 | Crear | Villager (Male) |
| 12:57 | Construir | House |
| 13:02 | Construir | House |
| 13:06 | Crear | Villager (Male) |
| 13:06 | Crear | Villager (Male) |
| 13:38 | Construir | Mining Camp |
| 13:47 | Crear | Villager (Male) |
| 13:53 | Construir | House |
| 13:56 | Construir | House |
| 14:11 | Crear | Villager (Male) |
| 14:11 | Crear | Villager (Male) |
| 14:43 | Crear | Villager (Male) |
| 14:43 | Crear | Villager (Male) |
| 15:03 | Construir | Archery Range |
| 15:19 | Construir | Stone Wall |
| 15:25 | Construir | Building 490 |
| 15:31 | Crear | Villager (Male) |
| 15:31 | Crear | Villager (Male) |
| 16:11 | Crear | Villager (Male) |
| 16:11 | Crear | Villager (Male) |
| 17:53 | Construir | Stable |
| 18:00 | Crear | Villager (Male) |
| 18:00 | Crear | Villager (Male) |
| 18:01 | Crear | Villager (Male) |
| 18:08 | Construir | Farm |
| 18:32 | Construir | Farm |
| 18:34 | Construir | Farm |
| 18:35 | Construir | Farm |
| 18:36 | Construir | Farm |
| 18:46 | Construir | Farm |
| 18:59 | Construir | Farm |
| 19:04 | Crear | Villager (Male) |
| 19:04 | Crear | Villager (Male) |
| 19:18 | Construir | Mining Camp |
| 19:29 | Construir | Farm |
| 19:36 | Construir | Farm |
| 19:38 | Construir | Farm |
| 19:39 | Construir | Farm |
| 19:40 | Construir | Farm |
| 19:42 | Construir | Farm |
| 19:44 | Construir | Farm |
| 19:54 | Construir | Farm |
| 19:59 | Crear | Villager (Male) |
| 19:59 | Crear | Villager (Male) |
| 20:07 | Investigar | Horse Collar |
| 20:15 | Construir | Farm |
| 20:40 | Construir | Farm |
| 20:45 | Crear | Villager (Male) |
| 20:46 | Crear | Villager (Male) |
| 21:05 | Construir | Farm |
| 21:29 | Construir | Farm |
| 21:48 | Crear | Villager (Male) |
| 21:48 | Crear | Villager (Male) |
| 21:56 | Construir | Farm |
| 22:20 | Construir | Farm |
| 22:29 | Investigar | Castle Age |
| 22:39 | Investigar | Stone Mining |
| 22:44 | Construir | Farm |
| 22:58 | Construir | House |
| 22:59 | Construir | House |
| 23:01 | Construir | House |
| 23:02 | Construir | House |
| 23:04 | Construir | House |
| 23:05 | Construir | House |
| 23:07 | Construir | House |
| 23:09 | Construir | House |
| 23:14 | Investigar | Gold Mining |
| 24:14 | Edad | Edad de los Castillos |
| 24:23 | Construir | Town Center |
| 24:48 | Construir | Market |
| 24:51 | Construir | Market |
| 24:59 | Construir | Town Center |
| 25:14 | Investigar | Wheelbarrow |
| 25:20 | Investigar | Town Watch |
| 25:28 | Crear | Villager (Male) ×5 |
| 25:45 | Investigar | Bow Saw |
| 26:12 | Investigar | Heavy Plow |
| 26:15 | Crear | Villager (Male) ×5 |
| 26:46 | Crear | Villager (Male) ×5 |
| 26:59 | Investigar | Stone Shaft Mining |
| 27:05 | Investigar | Gold Shaft Mining |
| 28:08 | Investigar | Hand Cart |
| 28:25 | Construir | Mining Camp |
| 28:36 | Construir | Mining Camp |
| 29:00 | Construir | Mining Camp |
| 29:09 | Crear | Villager (Male) ×5 |
| 29:19 | Crear | Villager (Male) ×5 |
| 29:40 | Construir | Castle |
| 30:17 | Crear | Villager (Male) ×5 |
| 30:23 | Crear | Villager (Male) ×5 |
| 30:58 | Crear | Battle Elephant |
| 31:12 | Investigar | Imperial Age |
| 31:16 | Crear | Battle Elephant |
| 31:16 | Crear | Battle Elephant |
| 31:22 | Crear | Battle Elephant |
| 31:22 | Crear | Battle Elephant |
| 31:38 | Construir | Stable |
| 31:40 | Construir | Stable |
| 32:01 | Investigar | Imperial Age |
| 32:06 | Crear | Villager (Male) ×5 |
| 32:10 | Crear | Villager (Male) ×5 |
| 32:33 | Construir | Blacksmith |
| 32:38 | Construir | University |
| 32:49 | Investigar | Husbandry |
| 32:50 | Crear | Battle Elephant ×3 |
| 33:02 | Construir | Archery Range |
| 33:03 | Construir | Archery Range |
| 33:14 | Construir | Siege Workshop |
| 33:18 | Construir | Siege Workshop |
| 33:24 | Construir | Siege Workshop |
| 33:35 | Investigar | Scale Barding Armor |
| 33:36 | Investigar | Forging |
| 33:44 | Investigar | Crossbowman (upgrade) |
| 33:48 | Crear | Archer ×5 |
| 33:50 | Crear | Archer ×2 |
| 33:55 | Edad | Edad Imperial |
| 34:42 | Investigar | Thumb Ring |
Cronología de la partida
| 1:00 | STRONG, BUT TRICKY, ZOG! · wall_segment Palisade Wall x7 |
| 1:45 | Гроза Крипов · wall_segment Palisade Wall x10 |
| 2:48 | STRONG, BUT TRICKY, ZOG! · wall_segment Palisade Wall x8 |
| 6:36 | ♠ JOTA ♠ · wall_segment Palisade Wall x8 |
| 9:25 | ♠ JOTA ♠ · wall_segment Palisade Wall x13 |
| 9:39 | ♠ JOTA ♠ · age_up feudal |
| 10:03 | kunaguare · first_building Barracks |
| 10:19 | ♠ JOTA ♠ · wall_segment Palisade Wall x11 |
| 10:55 | ♠ JOTA ♠ · first_building Barracks |
| 10:57 | biyolog · first_building Barracks |
| 10:58 | kunaguare · age_up feudal |
| 11:04 | biyolog · age_up feudal |
| 12:16 | STRONG, BUT TRICKY, ZOG! · age_up feudal |
| 12:36 | Гроза Крипов · age_up feudal |
| 12:57 | STRONG, BUT TRICKY, ZOG! · wall_segment Stone Wall x9 |
| 13:28 | Гроза Крипов · wall_segment Stone Wall x2 |
| 13:36 | Гроза Крипов · wall_segment Stone Wall x12 |
| 13:36 | Finn the human · age_up feudal |
| 13:46 | Гроза Крипов · wall_segment Stone Wall x18 |
| 14:02 | kunaguare · first_building Stable |
| 14:33 | STRONG, BUT TRICKY, ZOG! · wall_segment Stone Wall x9 |
| 14:48 | Гроза Крипов · first_building Barracks |
| 15:03 | biyolog · first_building Archery Range |
| 15:19 | biyolog · wall_segment Stone Wall x13 |
| 16:09 | Гроза Крипов · first_building Archery Range |
| 17:31 | STRONG, BUT TRICKY, ZOG! · first_building Barracks |
| 17:53 | biyolog · first_building Stable |
| 18:15 | kunaguare · first_building Archery Range |
| 18:52 | Finn the human · wall_segment Stone Wall x8 |
| 19:19 | Finn the human · wall_segment Stone Wall x6 |
| 19:27 | Finn the human · wall_segment Stone Wall x4 |
| 19:37 | STRONG, BUT TRICKY, ZOG! · age_up castle |
| 19:46 | STRONG, BUT TRICKY, ZOG! · first_market_buy 100 wood |
| 20:27 | Finn the human · age_up castle |
| 20:44 | ♠ JOTA ♠ · first_building Stable |
| 21:06 | Finn the human · wall_segment Stone Wall x12 |
| 21:47 | Гроза Крипов · age_up castle |
| 21:52 | STRONG, BUT TRICKY, ZOG! · first_building Castle |
| 22:00 | kunaguare · age_up castle |
| 22:35 | kunaguare · first_building Siege Workshop |
| 23:11 | Гроза Крипов · first_building Monastery |
| 23:12 | ♠ JOTA ♠ · age_up castle |
| 23:17 | STRONG, BUT TRICKY, ZOG! · first_building Archery Range |
| 24:14 | biyolog · age_up castle |
| 25:34 | ♠ JOTA ♠ · wall_segment Stone Wall x10 |
| 25:37 | ♠ JOTA ♠ · wall_segment Stone Wall x4 |
| 27:01 | STRONG, BUT TRICKY, ZOG! · first_building Monastery |
| 29:03 | ♠ JOTA ♠ · wall_segment Stone Wall x6 |
| 29:40 | biyolog · first_building Castle |
| 29:49 | STRONG, BUT TRICKY, ZOG! · first_building Stable |
| 29:56 | Гроза Крипов · first_building Castle |
| 30:08 | Finn the human · first_building Monastery |
| 30:14 | Finn the human · age_up imperial |
| 30:34 | Finn the human · first_building Castle |
| 31:49 | ♠ JOTA ♠ · first_building Monastery |
| 32:15 | Finn the human · first_building Siege Workshop |
| 33:14 | biyolog · first_building Siege Workshop |
| 33:38 | ♠ JOTA ♠ · first_building Castle |
| 33:50 | STRONG, BUT TRICKY, ZOG! · age_up imperial |
| 33:55 | biyolog · age_up imperial |
| 34:01 | ♠ JOTA ♠ · first_market_buy 100 food |
| 34:05 | kunaguare · first_building Castle |
| 35:25 | Гроза Крипов · first_building Siege Workshop |
| 38:07 | Гроза Крипов · age_up imperial |
| 38:08 | ♠ JOTA ♠ · age_up imperial |
| 38:23 | Гроза Крипов · first_market_sell 100 wood |
| 38:27 | Гроза Крипов · first_market_buy 100 food |
| 39:32 | kunaguare · age_up imperial |
| 40:02 | ♠ JOTA ♠ · first_building Siege Workshop |
| 41:06 | STRONG, BUT TRICKY, ZOG! · first_building Siege Workshop |
| 42:39 | STRONG, BUT TRICKY, ZOG! · first_market_sell 500 wood |
| 46:28 | Finn the human · first_building Stable |
| 50:21 | Finn the human · wall_segment Stone Wall x28 |
| 51:35 | kunaguare · wall_segment Stone Wall x21 |
| 52:09 | Finn the human · wall_segment Stone Wall x11 |
| 52:49 | kunaguare · resign |
[ ANÁLISIS IA · 1 CRÉDITO ]
¿Qué pasó realmente en esta partida?
Wolo.gg analiza cada decisión: build order, eco, micro, errores típicos por bracket. Análisis personalizado por WhatsApp o Discord en 30 segundos.
Guía civ
Persas
Guía mapa
Black Forest
Perfil
STRONG, BUT TRICKY, ZOG!